 Dungeon Crawl Stone Soup version 0.27.1-34-g3ba077fa99 (webtiles) character file.

Game seed: 3129653791077679433

8397 boopmooplesden the Carver (level 11, -10/85 HPs)
             Began as a Minotaur Fighter on Jan 10, 2022.
             Was a Believer of Hepliaklqana.
             Mangled by dnasty's ghost (25 damage)
             ... on level 9 of the Dungeon.
             The game lasted 00:16:08 (10232 turns).

boopmooplesden the Carver (Minotaur Fighter)       Turns: 10232, Time: 00:16:09

Health: -10/85     AC: 13    Str: 26    XL:     11   Next: 9%
Magic:  19/19      EV: 11    Int:  5    God:    Hepliaklqana [**....]
Gold:   659        SH: 13    Dex: 11    Spells: 10/10 levels left

rFire    + + .     SeeInvis .   a - +2 long sword
rCold    . . .     Faith    .   c - +1 kite shield
rNeg     . . .     Spirit   .   b - +0 scale mail
rPois    +         Reflect  .   (helmet restricted)
rElec    .         Harm     .   r - +1 cloak
rCorr    .         Rampage  .   G - +0 pair of gloves
Will     .....                  F - +0 pair of boots
Stlth    +.........             (no amulet)
HPRegen  0.24/turn              B - ring of Camaq {rPois rF+ MP+9 Str+3}
MPRegen  0.16/turn              q - ring of protection from fire

@: mighty
A: reduced essence, horns 2, retaliatory headbutt
a: Renounce Religion, Recall Ancestor, Ancestor Identity


You were on level 9 of the Dungeon.
You worshipped Hepliaklqana.
Hepliaklqana was pleased with you.
You visited 1 branch of the dungeon, and saw 9 of its levels.
You also visited: Ossuary.

You collected 659 gold pieces.

Inventory:

Hand Weapons
 a - a +2 long sword (weapon)
 v - a +4 falchion
Missiles
 t - 6 javelins (quivered)
Armour
 b - a +0 scale mail (worn)
 c - a +1 kite shield (worn)
 r - a +1 cloak (worn)
 F - a +0 pair of boots (worn)
 G - a +0 pair of gloves (worn)
Jewellery
 i - a ring of resist corrosion
 l - a +4 ring of evasion
 q - a ring of protection from fire (right hand)
 B - the ring of Camaq (left hand) {rPois rF+ MP+9 Str+3}
   (You found it on level 6 of the Dungeon)

   [ring of magical power]

   Str:       It affects your strength (+3).
   rF:        It protects you from fire.
   rPois:     It protects you from poison.
   MP:        It affects your magic capacity (+9).
 D - a ring of protection from cold
Wands
 d - a wand of iceblast (21)
 k - a wand of paralysis (14)
 s - a wand of acid (19)
 u - a wand of flame (33)
 y - a wand of charming (8)
 E - a wand of mindburst (11)
Scrolls
 e - 3 scrolls of identify
 m - 5 scrolls of magic mapping
 p - 2 scrolls of vulnerability
 x - 2 scrolls of holy word
 C - a scroll of fear
 H - a scroll of amnesia
 I - a scroll of teleportation {unknown}
Potions
 f - a potion of degeneration
 g - 2 potions of resistance
 h - 5 potions of curing
 j - 3 potions of brilliance
 n - a potion of magic
 o - 4 potions of flight
 w - 2 potions of heal wounds
 A - 2 potions of mutation
 J - a potion of berserk rage {unknown}


   Skills:
 + Level 8.6 Fighting
 + Level 12.3 Long Blades
 + Level 1.5 Throwing
 + Level 9.2 Armour
 + Level 4.6 Dodging
 + Level 2.5 Stealth
 + Level 10.3 Shields


You had 10 spell levels left.
You didn't know any spells.
Your spell library contained the following spells:

 Spells                   Type           Power      Damage    Failure   Level
 Animate Skeleton         Necr           0%         N/A       89%         1
 Pain                     Necr           0%         1d4       89%         1
 Slow                     Hex            0%         N/A       96%         2
 Static Discharge         Conj/Air       0%         N/A       96%         2
 Confusing Touch          Hex            0%         N/A       99%         3
 Dazzling Flash           Conj/Hex       0%         N/A       99%         3
 Vampiric Draining        Necr           0%         2d6       99%         3
 Dispel Undead            Necr           0%         3d6       100%        4
 Sticky Flame             Conj/Fire      0%         2d3       100%        4
 Agony                    Necr           0%         N/A       100%        5
 Silence                  Hex/Air        0%         N/A       100%        5
 Yara's Violent Unravell  Hex/Tmut       0%         3d3       100%        5


Dungeon Overview and Level Annotations

Branches:
Dungeon (9/15)             Temple (0/1) D:7            Lair (0/6) D:9
Ossuary (visited)
    Orc: D:9-12

Altars:
Dithmenos
Hepliaklqana
Uskayaw
Wu Jian
Yredelemnul
Beogh

Shops:
D:8 (

Annotations:
D:8 1 runed translucent door, Fractals's ghost, novice DsAK
D:9 1 transporter, dnasty's ghost, novice TrBe


Innate Abilities, Weirdness & Mutations

Your life essence is reduced to manifest your ancestor. (-10% HP)
You have a pair of horns on your head.
You reflexively headbutt those who attack you in melee.


Message History

Dnasty's ghost hits you!!
You hit dnasty's ghost.
Dnasty's ghost is lightly damaged.
Dnasty's ghost completely misses you. You furiously retaliate!
You headbutt dnasty's ghost. You slash dnasty's ghost!
Your headbutt misses dnasty's ghost.
Dnasty's ghost is moderately damaged.
You barely miss dnasty's ghost.
Dnasty's ghost is moderately damaged.
You block dnasty's ghost's attack.
You closely miss dnasty's ghost. Your headbutt misses dnasty's ghost.
Dnasty's ghost is moderately damaged.
You block dnasty's ghost's attack.
You hit dnasty's ghost. You headbutt dnasty's ghost!
Dnasty's ghost is heavily damaged.
Dnasty's ghost hits you!
You slash dnasty's ghost! You headbutt dnasty's ghost!
Dnasty's ghost is severely damaged.
Dnasty's ghost hits you but does no damage.
You hit dnasty's ghost but do no damage.
Your headbutt misses dnasty's ghost.
Dnasty's ghost is severely damaged.
You block dnasty's ghost's attack.
You miss dnasty's ghost.
Dnasty's ghost is severely damaged.
Dnasty's ghost yells, "Who would have thought, even in death it is a pleasure to sever!"
Dnasty's ghost hits you!
* * * LOW HITPOINT WARNING * * *
You hit dnasty's ghost.
Dnasty's ghost is severely damaged.
You block dnasty's ghost's attack.
You feel much better.
Dnasty's ghost hits you but does no damage.
You feel very mighty all of a sudden. Dnasty's ghost hits you!!
* * * LOW HITPOINT WARNING * * *
You closely miss dnasty's ghost.
Dnasty's ghost is severely damaged.
Dnasty's ghost hits you!!
You die...

##..#############..## #....
####..#####$$©$$#####..# ##..(
#..#.###...#...#...###.# ####
...#.##..#..###..#..##.#
.....###.#.#...#.#.###.##
###...#####..#..#####...#
##### ##.###..W#...#...###..#
##.... #.##..#.y###†.#..##..#
#...<. #.###...#.yy#@#.###..#
#.....
#..#####.†©yW#####...####.....
##..#############..#..........
##.......©.......######......
########....##### ##......
####..# #....... ##.##
#....... ##.## ##....... ##.##
#........


You could see a killer bee and dnasty's ghost.

Vanquished Creatures
  The ghost of reversiblehash the Skirmisher, a novice DsBe of Trog (D:5)
  A queen bee (D:9)
  Grinder (D:3)
  Prince Ribbit (D:5)
  A hornet (D:7)
  Sigmund (D:4)
  7 yaks
  Grum (D:8)
  A steam dragon (D:8)
  An acid dragon (D:8)
  2 water moccasins (D:7)
  2 ice beasts
  A sky beast (D:3)
  4 orc warriors (D:5)
  An ogre (D:5)
  3 wolves (D:8)
  9 centaurs
  3 phantoms
  A kobold brigand (D:9)
  6 bullfrogs
  A water moccasin zombie (D:7)
  2 scorpions
  A wyvern zombie (D:9)
  A wyvern skeleton (D:7)
  A water moccasin skeleton (D:7)
  11 killer bees (D:9)
  11 wights
  A howler monkey (D:9)
  A bullfrog zombie (D:6)
  2 centaur zombies
  A jelly (D:5)
  4 hounds
  A centaur skeleton (D:6)
  A gnoll shaman (D:5)
  4 orc priests
  Jessica (D:3)
  Ijyb (D:3)
  3 iguanas
  11 orc wizards
  2 killer bee zombies
  3 hound zombies (Ossuary)
  5 mummies
  A howler monkey zombie (D:7)
  5 gnolls (D:5)
  8 adders
  A howler monkey skeleton (D:7)
  A shadow imp (D:7)
  A white imp (D:7)
  An ufetubus (D:6)
  An adder zombie (Ossuary)
  A dart slug (D:1)
  29 orcs
  4 bats
  7 endoplasms
  4 giant cockroaches
  2 gnoll zombies (Ossuary)
  8 hobgoblins
  2 jackals (D:3)
  A quokka (D:1)
  6 ball pythons
  8 frilled lizards
  12 goblins
  A hobgoblin zombie (Ossuary)
  2 jackal zombies (Ossuary)
  10 kobolds
  2 kobold zombies (Ossuary)
  An orc zombie (Ossuary)
  4 rats
240 creatures vanquished.

Vanquished Creatures (collateral kills)
  A hornet (D:7)
  A shadow (D:8)
  Menkaure (D:7)
  A killer bee (D:9)
  A howler monkey (D:9)
  An orc priest (D:7)
  2 iguanas (D:7)
  An orc wizard (D:7)
  A howler monkey zombie (D:7)
  7 orcs
  4 kobolds (D:9)
21 creatures vanquished.

Vanquished Creatures (others)
  A hexer (D:9)
  2 ancestors (D:7)
  A fungus (D:2)
  A plant (D:8)
  4 toadstools (D:2)
9 creatures vanquished.

Grand Total: 270 creatures vanquished

Notes
Turn   | Place    | Note
-------+----------+-------------------------------------------
     0 | D:1      | boopmooplesden the Minotaur Fighter began the quest for the
                  | Orb.
     0 | D:1      | Reached XP level 1. HP: 19/19 MP: 0/0
    79 | D:1      | Reached XP level 2. HP: 16/27 MP: 1/1
   589 | D:1      | Reached XP level 3. HP: 33/33 MP: 2/2
   859 | D:1      | Reached skill level 3 in Long Blades
  1298 | D:2      | Found a faded altar of an unknown god.
  2093 | D:3      | Reached XP level 4. HP: 37/40 MP: 3/3
  2204 | D:3      | Noticed a sky beast
  2227 | D:3      | Killed a sky beast
  2228 | D:3      | Reached skill level 4 in Long Blades
  2228 | D:3      | Reached XP level 5. HP: 33/47 MP: 4/4
  2342 | D:3      | Noticed Grinder
  2354 | D:3      | Paralysed by Grinder for 4 turns
  2361 | D:3      | Killed Grinder
  2362 | D:3      | Reached skill level 5 in Long Blades
  2362 | D:3      | Reached skill level 5 in Armour
  2362 | D:3      | Reached skill level 5 in Shields
  2362 | D:3      | Reached XP level 6. HP: 4/53 MP: 5/5
  2702 | D:3      | Found a shadowy altar of Dithmenos.
  2703 | D:3      | Found an ornate altar of the Wu Jian Council.
  2724 | D:3      | Noticed Jessica
  2728 | D:3      | Killed Jessica
  2815 | D:3      | Noticed Ijyb
  2839 | D:3      | Killed Ijyb
  3174 | D:4      | Noticed Sigmund
  3190 | D:4      | Reached skill level 1 in Dodging
  3190 | D:4      | Reached XP level 7. HP: 32/60 MP: 6/6
  3195 | D:4      | Killed Sigmund
  3196 | D:4      | Reached skill level 5 in Fighting
  3196 | D:4      | Reached skill level 6 in Long Blades
  3441 | D:4      | Found a sand-covered staircase.
  3449 | Ossuary  | Entered an ossuary
  3893 | D:4      | Reached skill level 7 in Long Blades
  4314 | D:4      | Reached skill level 1 in Stealth
  4391 | D:4      | Found a hide-covered altar of Uskayaw.
  4536 | D:5      | Entered Level 5 of the Dungeon
  4546 | D:5      | Reached XP level 8. HP: 69/69 MP: 7/7
  4547 | D:5      | Found a runed translucent door.
  4550 | D:5      | Noticed reversiblehash's ghost (novice DsBe)
  4797 | D:5      | Found a hazy altar of Hepliaklqana.
  4933 | D:5      | Found a basalt altar of Yredelemnul.
  4939 | D:5      | Became a worshipper of Hepliaklqana the Forgotten
  4994 | D:5      | Noticed Prince Ribbit
  5002 | D:5      | Killed Prince Ribbit
  5003 | D:5      | Reached skill level 8 in Long Blades
  5029 | D:5      | Found a runed translucent door.
  5269 | D:5      | Reached skill level 1 in Throwing
  5345 | D:5      | Reached XP level 9. HP: 35/75 MP: 8/8
  5663 | D:5      | Killed reversiblehash's ghost
  5664 | D:5      | Reached skill level 9 in Long Blades
  6295 | D:6      | Identified the ring of Camaq {rPois rF+ MP+9 Str+3}
  6595 | D:6      | Reached skill level 10 in Long Blades
  6822 | D:7      | Reached * piety under Hepliaklqana
  6937 | D:7      | Reached XP level 10. HP: 56/77 MP: 9/9
  7070 | D:7      | Noticed Menkaure
  7076 | D:7      | Killed Menkaure
  7391 | D:7      | Reached skill level 11 in Long Blades
  7732 | D:7      | Found a staircase to the Ecumenical Temple.
  8055 | D:7      | Reached ** piety under Hepliaklqana
  8064 | D:7      | Remembered your ancestor Tertia as a hexer
  8430 | D:8      | Found Hoycwapp's Hydra Hut.
  8442 | D:8      | Noticed a four-headed hydra
  8685 | D:8      | Found a runed translucent door.
  8686 | D:8      | Noticed Fractals's ghost (novice DsAK)
  9000 | D:8      | Noticed Grum
  9009 | D:8      | Killed Grum
  9251 | D:9      | Reached skill level 12 in Long Blades
  9635 | D:9      | Found a transporter.
  9635 | D:9      | Found a transporter.
  9635 | D:9      | Noticed dnasty's ghost (novice TrBe)
  9844 | D:9      | Found a staircase to the Lair.
  9875 | D:9      | Reached skill level 10 in Shields
  9955 | D:9      | Reached XP level 11. HP: 79/85 MP: 10/10
 10232 | D:9      | Mangled by dnasty's ghost

Illustrated notes

Levels and vault maps discovered:
D:1:      lightli_arrival_noodles, layout_loops_ring
D:2:      layout_loops_corners, shapermc_ecumenical_altar_pompeii,
          minmay_crystal_water, minmay_gold_behind_fungi
D:3:      layout_loops_ring, mainiacjoe_overflow_divided_tiny, uniq_jessica,
          uniq_grinder, uniq_ijyb
D:4:      cheibrodos_quashed, layout_basic, kennysheep_mini_moat,
          gup_ossuary_entry_pyramid, roderic_cross_of_infinity, st_stairs_14,
          uniq_sigmund
D:5:      layout_rooms, chequers_temple_overflow_statue_of_worship,
          hellmonk_ghost_happy_afterlife, st_stairs_10, lightli_church_of_beogh,
          uniq_prince_ribbit1
D:6:      layout_basic
D:7:      layout_cave_pools, minmay_temple_entry_nine_rooms,
          minmay_alternating_orb, uniq_menkaure
D:8:      layout_loops_ring, ebering_ghost_inner_flame, minmay_misc_feat_room,
          doesnt_shop_hydraphobe, uniq_grum
D:9:      layout_cave_pods, lair_entry_dummy, gammafunk_ghost_hive

Skill      XL: |  1  2  3  4  5  6  7  8  9 10 |
---------------+-------------------------------+-----
Armour         | 4 5 6 7 8 9 |  9.2
Fighting       | 4 5 6 7 8 |  8.6
Shields        | 4 5 6 7 8 10 | 10.3
Long Blades    | 3 4 5 7 8 10 12 | 12.3
Dodging        | 1 2 3 4 |  4.6
Stealth        | 1 2 |  2.5
Throwing       | 1 |  1.5

Action                   |  1- 3 |  4- 6 |  7- 9 | 10-12 || total
-------------------------+-------+-------+-------+-------++-------
Melee: Long sword        |    82 |    59 |   316 |   268 ||   725
       Headbutt          |     9 |     7 |    75 |    66 ||   157
Throw: Javelin           |       |       |    12 |       ||    12
Invok: Ancestor Life: He |       |       |       |     1 ||     1
  Use: Potion            |       |     1 |       |     6 ||     7
       Scroll            |       |     9 |     5 |     5 ||    19
 Stab: Distracted        |       |       |       |     3 ||     3
Armor: Scale mail        |    44 |    12 |   106 |   126 ||   288
Dodge: Dodged            |    27 |    29 |   183 |   101 ||   340
Block: Kite shield       |    47 |    26 |   204 |   210 ||   487
       Rpst.: Long sword |     3 |     6 |    55 |    32 ||    96
